 Seeded DCSS version 0.30-a0-591-g3c58d2bc28 (webtiles) character file.

Game seed: 13662384745932578237 (custom seed)

511 purpskrrrp the Shooter (level 6, 0/37 HPs)
             Began as a Deep Elf Hunter on Jan 6, 2023.
             Succumbed to an adder's poison
             ... on level 4 of the Dungeon.
             The game lasted 00:03:57 (2715 turns).

purpskrrrp the Shooter (Deep Elf Hunter)            Turns: 2715, Time: 00:03:58

Health: 0/37       AC:  5    Str:  8    XL:     6   Next: 99%
Magic:  11/11      EV: 14    Int: 20    God:
Gold:   148        SH:  0    Dex: 20    Spells: 6/9 levels left

rFire   . . .      SeeInvis .    a - +0 shortbow
rCold   . . .      Faith    .    (shield currently unavailable)
rNeg    . . .      Spirit   .    c - +0 leather armour
rPois   .          Reflect  .    i - +0 helmet
rElec   .          Harm     .    (no cloak)
rCorr   .          Rampage  .    (no gloves)
Will    +....                    n - +0 pair of boots
Stlth   +++                      (no amulet)
HPRegen 0.26/turn                w - +6 ring of intelligence
MPRegen 0.12/turn                p - ring of willpower

@: lethally poisoned (0 -> -3)
A: no striking features
a: no special abilities


You were on level 4 of the Dungeon.
You visited 1 branch of the dungeon, and saw 4 of its levels.

You collected 148 gold pieces.

Inventory:

Hand Weapons
 a - a +0 shortbow (weapon)
Missiles
 d - a throwing net
Armour
 c - a +0 leather armour (worn)
 i - a +0 helmet (worn)
 n - a +0 pair of boots (worn)
Jewellery
 j - a ring of ice
 p - a ring of willpower (right hand)
 w - a +6 ring of intelligence (left hand)
Wands
 r - a wand of paralysis (1)
Scrolls
 f - 3 scrolls of identify {unknown}
 g - 2 scrolls of teleportation {unknown}
 m - 2 scrolls of magic mapping {unknown}
 t - a scroll of amnesia {unknown}
 u - a scroll of poison {unknown}
 y - a scroll of enchant armour {unknown}
Potions
 e - a potion of resistance {unknown}
 h - 2 potions of haste {unknown}
 k - a potion of heal wounds
 l - a potion of mutation {unknown}
 o - 2 potions of attraction {unknown}
 q - a potion of invisibility {unknown}
 s - a potion of curing {unknown}
 v - a potion of ambrosia {unknown}
 x - a potion of cancellation {unknown}


   Skills:
 + Level 3.2 Fighting
 + Level 7.0 Ranged Weapons
 + Level 4.8 Dodging
 + Level 4.3 Stealth
 + Level 2.1 Spellcasting
 + Level 1.4 Summonings


You had 6 spell levels left.
You knew the following spells:

 Your Spells              Type           Power      Damage    Failure   Level
a - Call Canine Familiar  Summ           7%         N/A       36%         3

Your spell library contained the following spells:

 Spells                   Type           Power      Damage    Failure   Level
 Summon Small Mammal      Summ           28%        N/A       13%         1
 Sandblast                Erth           4%         2d4       22%         1
 Passwall                 Tmut/Erth      1%         N/A       34%         2
 Summon Guardian Golem    Hex/Summ       4%         N/A       45%         3
 Stone Arrow              Conj/Erth      4%         3d7       56%         3


Dungeon Overview and Level Annotations

Branches:
Dungeon (4/15)
 Temple: D:4-7

Altars:
Fedhas

Shops:
D:1 :*


Message History

The adder bites you.
You feel sick.
Fire: a) +0 shortbow
Press: ? - help, Shift-Dir - straight line, f/p - adder
Aim: an adder (severely wounded, 51% to hit)
You shoot an arrow. The arrow misses the adder.
You feel sick.
You hear a shout!
The adder bites you.
* * * LOW HITPOINT WARNING * * *
The adder bites you but does no damage.
An orc comes into view. It is wielding a +0 mace.
Fire: a) +0 shortbow
Press: ? - help, Shift-Dir - straight line, f/p - adder
Aim: an adder (severely wounded, 51% to hit)
You shoot an arrow. The arrow hits the adder.
The adder is almost dead.
You feel sick. The adder bites you.
* * * LOW HITPOINT WARNING * * *
You are lethally poisoned!
The adder poisons you!
An orc wizard comes into view.
It is wielding a +0 dagger and wearing a +1 robe of positive energy.
Fire: a) +0 shortbow
Press: ? - help, Shift-Dir - straight line, f/p - adder
Aim: an adder (almost dead, 51% to hit)
You shoot an arrow. The arrow barely misses the adder.
* * * LOW HITPOINT WARNING * * *
You feel sick. The adder bites you.
* * * LOW HITPOINT WARNING * * *
The adder closely misses you.
Fire: a) +0 shortbow
Press: ? - help, Shift-Dir - straight line, f/p - adder
Aim: an adder (almost dead, 51% to hit)
You shoot an arrow. The arrow barely misses the adder.
* * * LOW HITPOINT WARNING * * *
You feel sick. The adder barely misses you. x2
Fire: a) +0 shortbow
Press: ? - help, Shift-Dir - straight line, f/p - adder
Aim: an adder (almost dead, 51% to hit)
You shoot an arrow. The arrow closely misses the adder.
You die...

#..#.# #..##
#..#.# #....
#..#.# #..##
#.>#.# ##.#
#.#####..#.#
#.#
#........#.#
#.#
##.####.###..#
#.# .....oo.#
#..# #.#
##.####@###.##
#.# ##S..##
#.#
o.o....J.##
#######o.#
#..# #...
##.## .# .#


You could see an orc priest, an orc wizard, an adder, an orc and an endoplasm.

Vanquished Creatures
  Sigmund (D:2)
  An ogre (D:4)
  A phantom (D:3)
  An orc priest (D:4)
  Ijyb (D:3)
  Jessica (D:3)
  2 adders
  3 worms
  5 dart slugs
  3 orcs (D:4)
  9 ball pythons
  7 endoplasms
  A giant cockroach (D:1)
  5 goblins
  4 hobgoblins
  9 jackals
  2 quokkas
  8 bats
  2 frilled lizards (D:1)
  7 kobolds
  6 rats
79 creatures vanquished.

Notes
Turn   | Place    | Note
-------+----------+-------------------------------------------
     0 | D:1      | purpskrrrp the Deep Elf Hunter began the quest for the Orb.
     0 | D:1      | Reached XP level 1. HP: 12/12 MP: 3/3
   144 | D:1      | Reached XP level 2. HP: 17/17 MP: 4/4
   418 | D:1      | Found Muaginir's Assorted Antiques.
   511 | D:1      | Found Hunin's Book Boutique.
   917 | D:2      | Reached XP level 3. HP: 11/21 MP: 5/5
  1087 | D:2      | Noticed Sigmund
  1093 | D:2      | Killed Sigmund
  1094 | D:2      | Reached skill level 6 in Ranged Weapons
  1094 | D:2      | Reached XP level 4. HP: 27/27 MP: 6/6
  1094 | D:2      | Reached XP level 5. HP: 31/31 MP: 7/7
  1723 | D:3      | Noticed Ijyb
  1727 | D:3      | Paralysed by Ijyb for 3 turns
  1733 | D:3      | Killed Ijyb
  1872 | D:3      | Learned a level 3 spell: Call Canine Familiar
  1880 | D:3      | Noticed a phantom
  1880 | D:3      | Noticed Jessica
  1881 | D:3      | Killed Jessica
  1882 | D:3      | Reached XP level 6. HP: 36/36 MP: 8/8
  1888 | D:3      | Reached skill level 1 in Spellcasting
  2210 | D:3      | Found a blossoming altar of Fedhas.
  2655 | D:4      | Reached skill level 7 in Ranged Weapons
  2655 | D:4      | Reached skill level 1 in Summonings
  2714 | D:4      | HP: 1/37 [poisoned by an adder]
  2715 | D:4      | Succumbed to an adder's poison

Illustrated notes

Levels and vault maps discovered:
D:1:      dpeg_arrival_tiny_k, layout_loops_corners, serial_shops, shop,
          shop_fountains, serial_bayou_pond_c
D:2:      layout_loops_ring, grunt_ministairs_14, uniq_sigmund
D:3:      minmay_chambers_of_twos, layout_loops_ring, mainiacjoe_overflow_paths,
          uniq_ijyb, uniq_jessica
D:4:      layout_loops_ring, kennysheep_little_box, makhleb_altar_promises_db,
          uniq_blork_the_orc

Skill      XL: |  1  2  3  4  5  6 |
---------------+-------------------+-----
Stealth        | 2 3 4 |  4.3
Fighting       | 2 3 |  3.2
Dodging        | 3 4 |  4.8
Ranged Weapons | 6 7 |  7.0
Spellcasting   | 2 |  2.1
Summonings     | 1 |  1.4

Action                   |  1- 3 |  4- 6 || total
-------------------------+-------+-------++-------
 Fire: Shortbow          |    63 |   134 ||   197
  Use: Scroll            |       |     1 ||     1
       Potion            |       |     1 ||     1
Armor: Leather armour    |     3 |    11 ||    14
Dodge: Dodged            |    16 |    45 ||    61

Table legend: (Time is in decaauts)
 A = Elapsed time spent in this place.
 B = Non-inter-level travel time spent in this place.
 C = Inter-level travel time spent in this place.
 D = Time resting spent in this place.
 E = Time spent auto-exploring this place.
 F = Levels seen in this place.
 G = Mean time per level.
                   A        B        C        D        E       F      G
               +--------+--------+--------+--------+--------+-----+--------+
         Total |   2763 |   2659 |    104 |     20 |   2248 |   4 |  690.8 |
       Dungeon |   2763 |   2659 |    104 |     20 |   2248 |   4 |  690.8 |
               +--------+--------+--------+--------+--------+-----+--------+

Top non-repeatable levels by time:
     D:1: 918 daAuts
     D:3: 899 daAuts
     D:2: 830 daAuts
     D:4: 114 daAuts
